WASHINGTON vs CAROLINA

Created - January 8, 2021 at 10:34

Goals
1 2 3 T
WASHINGTON 0 2 0 2
CAROLINA 1 4 1 6
Shots
1 2 3 T
WASHINGTON 8 7 10 25
CAROLINA 6 15 13 34

1st period

1. CAROLINA , Duncan Keith 1 (Alexander Radulov 2, Deryk Engelland 1) at 10:09 (PP)

Penalties :
Blake Wheeler (WSH) for Close Hand On Puck (Minor) at 8:33, Deryk Engelland (CAR) for Roughing (Double Minor) at 15:35

2nd period

2. CAROLINA , Duncan Keith 2 (Nicklas Backstrom 2, Alexander Radulov 3) at 2:18 (PP)
3. CAROLINA , Shea Weber 2 (Brent Burns 4, Claude Giroux 2) at 2:29 (PP)
4. WASHINGTON , Blake Wheeler 1 (Brayden Schenn 1) at 11:49
5. WASHINGTON , Jeff Carter 1 (Victor Hedman 1, Damon Severson 2) at 13:13
6. CAROLINA , Sebastian Aho 1 (Matt Benning 2, Adam Henrique 3) at 16:18
7. CAROLINA , Dominik Kubalik 1 (Nicklas Backstrom 3, Brent Burns 5) at 17:29

Penalties :
Blake Wheeler (WSH) for High sticking (Minor) at 0:21, Victor Hedman (WSH) for Interference (Minor) at 0:55

3rd period

8. CAROLINA , Matt Benning 1 (Adam Henrique 4, Sebastian Aho 1) at 16:12

Penalties :
No Penalty

Goalie Stats

Semyon Varlamov (WSH), 28 saves from 34 shots - (0.824), L, 1-2-0, 60:00 minutes
Sergei Bobrovsky (CAR), 23 saves from 25 shots - (0.920), W, 2-1-1, 60:00 minutes

Players Stats for WASHINGTON

Player Name              G  A  P  +/- PIM S  H  SB GA TA FO     MP     PP MP  PK MP  
------------------------------------------------------------------------------------
Blake Wheeler            1  0  1   0  4   5  4  0  0  0  1/2    19:42   1:48   0:11 
Brayden Schenn           0  1  1   0  0   3  2  0  0  0  1/2    20:59   1:48   1:26 
Brendan Gallagher        0  0  0   1  0   2  4  0  0  0  0/0    18:25   2:11   0:00 
Cal Clutterbuck          0  0  0  -1  0   2  0  0  0  0  1/1    13:55   0:00   0:11 
Casey Cizikas            0  0  0  -1  0   0  1  0  0  0  7/16   16:20   1:48   0:48 
Christian Fischer        0  0  0  -1  0   0  0  0  0  0  0/1     4:34   0:00   0:00 
Clayton Keller           0  0  0   1  0   1  0  0  0  0  1/1    18:25   2:11   0:00 
Damon Severson           0  1  1   1  0   2  1  0  0  0  0/0    21:39   1:31   1:41 
Jeff Carter              1  0  1   1  0   1  2  0  0  0  9/19   18:58   2:11   0:33 
Jujhar Khaira            0  0  0  -1  0   1  0  0  0  0  0/0    13:44   0:00   0:00 
Luke Glendening          0  0  0  -1  0   3  1  0  0  0  5/13    7:16   0:00   2:42 
Martin Frk               0  0  0  -1  0   1  0  0  0  0  0/1     4:34   0:00   0:00 
Ryan Graves              0  0  0   0  0   1  2  1  0  0  0/0    22:38   1:31   2:03 
Sam Bennett              0  0  0   0  0   1  0  0  0  0  15/26  17:59   0:00   0:14 
Victor Hedman            0  1  1   1  2   1  0  2  0  0  0/0    23:27   2:28   1:03 
Victor Mete              0  0  0  -2  0   0  0  3  0  0  0/0    15:45   0:00   0:59 
Xavier Ouellet           0  0  0  -2  0   0  5  3  0  0  0/0    14:46   0:00   0:00 
Zach Werenski            0  0  0   0  0   1  0  0  0  0  0/0    21:44   2:28   1:41 

Players Stats for CAROLINA

Player Name              G  A  P  +/- PIM S  H  SB GA TA FO     MP     PP MP  PK MP  
------------------------------------------------------------------------------------
Adam Henrique            0  2  2   2  0   1  0  1  0  0  1/1    14:41   0:00   0:00 
Alexander Radulov        0  2  2   0  0   4  1  0  0  0  1/1    18:38   1:44   0:00 
Brent Burns              0  2  2   0  0   3  1  0  0  0  0/0    25:37   2:00   1:55 
CAR Cap Hit              0  0  0   0  0   0  0  0  0  0  0/0     5:13   0:00   0:19 
Claude Giroux            0  1  1  -1  0   2  1  0  0  0  0/0    18:59   2:00   2:12 
David Kampf              0  0  0   2  0   0  0  0  0  0  9/18   15:32   0:00   0:51 
Deryk Engelland          0  1  1  -1  4   1  2  0  0  0  0/0    18:14   1:44   0:00 
Dominik Kubalik          1  0  1   0  0   6  0  0  0  0  0/0    18:57   1:44   0:19 
Duncan Keith             2  0  2  -1  0   3  0  0  0  0  0/0    20:19   1:44   2:04 
Joel L'Esperance         0  0  0   0  0   0  1  0  0  0  0/1     5:55   0:00   0:00 
Matt Benning             1  1  2   2  0   1  1  2  0  0  0/0    15:49   0:00   1:45 
Matt Martin              0  0  0   2  0   2  4  0  0  0  0/1    14:41   0:00   0:00 
Nicklas Backstrom        0  2  2   0  0   3  0  0  0  0  17/28  20:06   1:44   1:28 
Patrice Bergeron         0  0  0  -1  0   1  1  0  0  0  11/23  24:22   2:00   1:40 
Sam Lafferty             0  0  0   0  0   1  1  0  0  0  3/8     5:55   0:00   0:00 
Sebastian Aho            1  1  2   2  0   3  1  0  0  0  0/0    14:04   0:00   0:00 
Shea Weber               1  0  1   0  0   2  6  3  0  0  0/0    20:43   2:00   1:55 
Vladimir Tarasenko       0  0  0  -1  0   1  3  0  0  0  0/1    18:15   2:00   1:28 

3 Stars

1 - Matt Benning (CAR)
2 - Sebastian Aho (CAR)
3 - Shea Weber (CAR)

Power Play

WASHINGTON - 0 on 2 Attempt(s) - 0.00%
CAROLINA - 3 on 3 Attempt(s) - 100.00%

Penalty Kill

WASHINGTON - 0 on 3 Attempt(s) - 0.00% - Score 0 goal in Penalty Kill
CAROLINA - 2 on 2 Attempt(s) - 100.00% - Score 0 goal in Penalty Kill

Team Stat

WASHINGTON - Hits : 22 - Faceoff Wins : 40 - Blocked Shots : 9 - Penalty Minutes : 6
CAROLINA - Hits : 23 - Faceoff Wins : 42 - Blocked Shots : 6 - Penalty Minutes : 4

Official

Referees : Brian Pochmara and Kyle Rehman
Linesman : Colin Gates and Jake Davis

Game Notes

No Game Note

Finance

Level 1 -- Attendance: 4744 (79.07%) -- Ticket Income $474,400
Level 2 -- Attendance: 4207 (84.14%) -- Ticket Income $252,420
Level 3 -- Attendance: 1977 (98.85%) -- Ticket Income $69,195
Level 4 -- Attendance: 3665 (91.63%) -- Ticket Income $73,300
Luxury Box -- Attendance: 668 (66.80%) -- Ticket Income $133,600
Game was played at the PNC Center.
Total Attendance: 15261 (84.78%)
Total Ticket Income: $1,002,915
Total Income: $1,002,915

WASHINGTON

5 vs 5 Forward 
   Center                   Left Wing                Right Wing               Time % Phy DF OF 
 1 Sam Bennett              Brayden Schenn           Blake Wheeler            35     1   2  2  
 2 Jeff Carter              Clayton Keller           Brendan Gallagher        30     1   2  2  
 3 Casey Cizikas            Jujhar Khaira            Cal Clutterbuck          25     2   2  1  
 4 Luke Glendening          Christian Fischer        Martin Frk               10     1   3  1  

5 vs 5 Defense 
   Defense                  Defense                                           Time % Phy DF OF 
 1 Victor Hedman            Damon Severson                                    35     1   2  2  
 2 Zach Werenski            Ryan Graves                                       30     1   2  2  
 3 Victor Mete              Xavier Ouellet                                    25     1   3  1  
 4 Victor Hedman            Ryan Graves                                       10     1   3  1  

PowerPlay Forward 
   Center                   Left Wing                Right Wing               Time % Phy DF OF 
 1 Casey Cizikas            Brayden Schenn           Blake Wheeler            60     0   0  5  
 2 Jeff Carter              Clayton Keller           Brendan Gallagher        40     0   0  5  

PowerPlay Defense
   Defense                  Defense                                           Time % Phy DF OF 
 1 Victor Hedman            Zach Werenski                                     60     0   0  5  
 2 Damon Severson           Ryan Graves                                       40     0   0  5  

Penalty Kill 4 Players Forward 
   Center                   Wing                     Time % Phy DF OF 
 1 Luke Glendening          Blake Wheeler            60     1   3  1  
 2 Casey Cizikas            Cal Clutterbuck          40     1   3  1  

Penalty Kill 4 Players Defense
   Defense                  Defense                  Time % Phy DF OF 
 1 Victor Hedman            Ryan Graves              60     1   3  1  
 2 Damon Severson           Zach Werenski            40     1   3  1  

Penalty Kill - 3 Players Forward 
   Forward                                           Time % Phy DF OF 
 1 Luke Glendening                                   60     0   5  0  
 2 Casey Cizikas                                     40     0   5  0  

Penalty Kill - 3 Players Defense
   Defense                  Defense                  Time % Phy DF OF 
 1 Victor Hedman            Ryan Graves              60     0   5  0  
 2 Damon Severson           Zach Werenski            40     0   5  0  

4 vs 4 Forward 
   Center                   Wing                     Time % Phy DF OF 
 1 Brayden Schenn           Blake Wheeler            60     1   2  2  
 2 Jeff Carter              Clayton Keller           40     1   2  2  

4 vs 4 Defense
   Defense                  Defense                  Time % Phy DF OF 
 1 Victor Hedman            Damon Severson           60     1   2  2  
 2 Zach Werenski            Ryan Graves              40     1   2  2  

Last Minutes Offensive
   Center                   Left Wing                Right Wing               Defense                  Defense                  
   Brayden Schenn           Brendan Gallagher        Blake Wheeler            Victor Hedman            Zach Werenski            

Last Minutes Defensive
   Center                   Left Wing                Right Wing               Defense                  Defense                  
   Luke Glendening          Blake Wheeler            Casey Cizikas            Victor Hedman            Ryan Graves              

Goaltenders
Starting : Semyon Varlamov          
Backup : Carter Hart              

Extra Forwards
Normal : Clayton Keller, Blake Wheeler, Brayden Schenn - PP : Sam Bennett, Martin Frk - PK : Brayden Schenn
Extra Defensemen
Normal : Zach Werenski, Victor Hedman, Ryan Graves - PP : Victor Hedman - PK : Ryan Graves, Victor Hedman
Penalty Shots
Blake Wheeler, Casey Cizikas, Victor Hedman, Damon Severson, Jeff Carter

Scratches
WSH Cap Hit (Suspend)

CAROLINA

5 vs 5 Forward 
   Center                   Left Wing                Right Wing               Time % Phy DF OF 
 1 Patrice Bergeron         Claude Giroux            Vladimir Tarasenko       35     1   2  2  
 2 Nicklas Backstrom        Dominik Kubalik          Alexander Radulov        30     1   2  2  
 3 David Kampf              Matt Martin              Adam Henrique            25     1   2  2  
 4 Sam Lafferty             Patrice Bergeron         Joel L'Esperance         10     1   2  2  

5 vs 5 Defense 
   Defense                  Defense                                           Time % Phy DF OF 
 1 Brent Burns              Shea Weber                                        35     1   2  2  
 2 Duncan Keith             Deryk Engelland                                   30     1   2  2  
 3 Sebastian Aho            Matt Benning                                      25     1   2  2  
 4 CAR Cap Hit              Brent Burns                                       10     1   2  2  

PowerPlay Forward 
   Center                   Left Wing                Right Wing               Time % Phy DF OF 
 1 Patrice Bergeron         Claude Giroux            Vladimir Tarasenko       60     1   2  2  
 2 Nicklas Backstrom        Dominik Kubalik          Alexander Radulov        40     1   2  2  

PowerPlay Defense
   Defense                  Defense                                           Time % Phy DF OF 
 1 Brent Burns              Shea Weber                                        60     1   2  2  
 2 Duncan Keith             Deryk Engelland                                   40     1   2  2  

Penalty Kill 4 Players Forward 
   Center                   Wing                     Time % Phy DF OF 
 1 Patrice Bergeron         Claude Giroux            60     1   2  2  
 2 Nicklas Backstrom        Vladimir Tarasenko       40     1   2  2  

Penalty Kill 4 Players Defense
   Defense                  Defense                  Time % Phy DF OF 
 1 Brent Burns              Shea Weber               60     1   2  2  
 2 Duncan Keith             Deryk Engelland          40     1   2  2  

Penalty Kill - 3 Players Forward 
   Forward                                           Time % Phy DF OF 
 1 Patrice Bergeron                                  60     1   2  2  
 2 Claude Giroux                                     40     1   2  2  

Penalty Kill - 3 Players Defense
   Defense                  Defense                  Time % Phy DF OF 
 1 Brent Burns              Shea Weber               60     1   2  2  
 2 Duncan Keith             Deryk Engelland          40     1   2  2  

4 vs 4 Forward 
   Center                   Wing                     Time % Phy DF OF 
 1 Patrice Bergeron         Claude Giroux            60     1   2  2  
 2 Nicklas Backstrom        Vladimir Tarasenko       40     1   2  2  

4 vs 4 Defense
   Defense                  Defense                  Time % Phy DF OF 
 1 Brent Burns              Shea Weber               60     1   2  2  
 2 Duncan Keith             Deryk Engelland          40     1   2  2  

Last Minutes Offensive
   Center                   Left Wing                Right Wing               Defense                  Defense                  
   Patrice Bergeron         Claude Giroux            Vladimir Tarasenko       Brent Burns              Shea Weber               

Last Minutes Defensive
   Center                   Left Wing                Right Wing               Defense                  Defense                  
   Patrice Bergeron         Claude Giroux            Vladimir Tarasenko       Brent Burns              Shea Weber               

Goaltenders
Starting : Sergei Bobrovsky         
Backup : Scott Wedgewood          

Extra Forwards
Normal : Adam Henrique, Matt Martin, David Kampf - PP : Adam Henrique, Matt Martin - PK : David Kampf
Extra Defensemen
Normal : Sebastian Aho, Matt Benning, CAR Cap Hit - PP : Sebastian Aho - PK : Matt Benning, CAR Cap Hit
Penalty Shots
Patrice Bergeron, Claude Giroux, Nicklas Backstrom, Vladimir Tarasenko, Alexander Radulov

Scratches
Ryan Hartman (Healthy)

% Time on Ice - WASHINGTON

Lines # - Real PCT - Wanted PCT - Time Play
Normal Forward
1 - 34% - 35% - 17:45
2 - 31% - 30% - 16:14
3 - 26% - 25% - 13:44
4 - 9% - 10% - 4:34
Normal Defense
1 - 35% - 35% - 18:27
2 - 32% - 30% - 16:49
3 - 28% - 25% - 14:46
4 - 4% - 10% - 2:15
PP Forward
1 - 45% - 60% - 1:48
2 - 55% - 40% - 2:11
PP Defense
1 - 62% - 60% - 2:28
2 - 38% - 40% - 1:31
PK Forward
1 - 92% - 60% - 2:10
2 - 8% - 40% - 0:11
PK Defense
1 - 45% - 60% - 1:04
2 - 55% - 40% - 1:17
PK3 Forward
1 - 55% - 60% - 0:46
2 - 45% - 40% - 0:37
PK3 Defense
1 - 71% - 60% - 0:59
2 - 29% - 40% - 0:24
44 Forward
1 - 0% - 60%
2 - 0% - 40%
44 Defense
1 - 0% - 60%
2 - 0% - 40%
Last Minute Offensive  - 0:00
Last Minute Defensive  - 0:00
Total
Forward - 60:00
Defense - 60:00

% Time on Ice - CAROLINA

Lines # - Real PCT - Wanted PCT - Time Play
Normal Forward
1 - 28% - 35% - 14:47
2 - 32% - 30% - 16:54
3 - 28% - 25% - 14:41
4 - 11% - 10% - 5:55
Normal Defense
1 - 32% - 35% - 16:48
2 - 32% - 30% - 16:31
3 - 27% - 25% - 14:04
4 - 9% - 10% - 4:54
PP Forward
1 - 54% - 60% - 2:00
2 - 46% - 40% - 1:44
PP Defense
1 - 54% - 60% - 2:00
2 - 46% - 40% - 1:44
PK Forward
1 - 63% - 60% - 2:31
2 - 37% - 40% - 1:28
PK Defense
1 - 48% - 60% - 1:55
2 - 52% - 40% - 2:04
PK3 Forward
1 - 0% - 60%
2 - 0% - 40%
PK3 Defense
1 - 0% - 60%
2 - 0% - 40%
44 Forward
1 - 0% - 60%
2 - 0% - 40%
44 Defense
1 - 0% - 60%
2 - 0% - 40%
Last Minute Offensive  - 0:00
Last Minute Defensive  - 0:00
Total
Forward - 60:00
Defense - 60:00

Play-by-Play

1st period


0:01 of 1st period - Sam Bennett wins face-off versus Patrice Bergeron in neutral zone.
0:08 of 1st period - Shot by Blake Wheeler.
0:08 of 1st period - Stopped by Sergei Bobrovsky with a rebound.
0:30 of 1st period - Icing by Victor Hedman.
0:31 of 1st period - Sam Bennett wins face-off versus Nicklas Backstrom in WASHINGTON zone.
0:44 of 1st period - Shot by Blake Wheeler.
0:44 of 1st period - Stopped by Sergei Bobrovsky without a rebound.
0:45 of 1st period - David Kampf wins face-off versus Jeff Carter in CAROLINA zone.
1:07 of 1st period - Shot by Adam Henrique.
1:07 of 1st period - Shot Misses the Net.
1:09 of 1st period - Shot by Sebastian Aho.
1:09 of 1st period - Stopped by Semyon Varlamov with a rebound.
1:27 of 1st period - Matt Benning is hit by Brendan Gallagher and loses puck.
2:27 of 1st period - Shot by Casey Cizikas.
2:27 of 1st period - Shot Misses the Net.
3:22 of 1st period - Shot by Vladimir Tarasenko.
3:22 of 1st period - Stopped by Semyon Varlamov without a rebound.
3:23 of 1st period - Sam Bennett wins face-off versus Sam Lafferty in WASHINGTON zone.
7:12 of 1st period - Icing by Sebastian Aho.
7:13 of 1st period - David Kampf wins face-off versus Casey Cizikas in CAROLINA zone.
7:13 of 1st period - David Kampf is hit by Casey Cizikas.
8:01 of 1st period - Adam Henrique is hit by Brendan Gallagher and loses puck.
8:17 of 1st period - Clayton Keller is hit by Shea Weber and loses puck.
8:25 of 1st period - Icing by Shea Weber.
8:26 of 1st period - Nicklas Backstrom wins face-off versus Sam Bennett in CAROLINA zone.
8:28 of 1st period - Icing by Brent Burns.
8:29 of 1st period - Nicklas Backstrom wins face-off versus Sam Bennett in CAROLINA zone.
8:31 of 1st period - Icing by Alexander Radulov.
8:32 of 1st period - Nicklas Backstrom wins face-off versus Sam Bennett in CAROLINA zone.
8:32 of 1st period - Nicklas Backstrom is hit by Blake Wheeler.
8:33 of 1st period - Minor Penalty to Blake Wheeler for Close Hand On Puck.
8:34 of 1st period - Luke Glendening wins face-off versus Patrice Bergeron in WASHINGTON zone.
9:18 of 1st period - Shot by Brent Burns.
9:18 of 1st period - Stopped by Semyon Varlamov without a rebound.
9:19 of 1st period - Nicklas Backstrom wins face-off versus Luke Glendening in WASHINGTON zone.
9:47 of 1st period - Icing by Alexander Radulov.
9:48 of 1st period - Casey Cizikas wins face-off versus Nicklas Backstrom in CAROLINA zone.
10:07 of 1st period - Shot by Alexander Radulov.
10:07 of 1st period - Shot Misses the Net.
10:09 of 1st period - Shot by Duncan Keith.
10:09 of 1st period - Goal by Duncan Keith - WASHINGTON : 0 - CAROLINA : 1.
10:10 of 1st period - Casey Cizikas wins face-off versus Patrice Bergeron in neutral zone.
10:26 of 1st period - Shot by Claude Giroux.
10:26 of 1st period - Stopped by Semyon Varlamov without a rebound.
10:27 of 1st period - David Kampf wins face-off versus Sam Bennett in WASHINGTON zone.
10:36 of 1st period - Shot by Damon Severson.
10:36 of 1st period - Deflect By Blake Wheeler.
10:36 of 1st period - Shot Blocked by Matt Benning.
10:47 of 1st period - Icing by Sebastian Aho.
10:48 of 1st period - David Kampf wins face-off versus Jeff Carter in CAROLINA zone.
11:27 of 1st period - Shot by Brendan Gallagher.
11:27 of 1st period - Stopped by Sergei Bobrovsky with a rebound.
12:42 of 1st period - Alexander Radulov is hit by Damon Severson and loses puck.
12:49 of 1st period - Shot by Alexander Radulov.
12:49 of 1st period - Shot Misses the Net.
13:26 of 1st period - Shot by Luke Glendening.
13:26 of 1st period - Stopped by Sergei Bobrovsky without a rebound.
13:27 of 1st period - Jeff Carter wins face-off versus Matt Martin in CAROLINA zone.
13:27 of 1st period - Ryan Graves is hit by Sebastian Aho and loses puck.
13:56 of 1st period - Shot by Adam Henrique.
13:56 of 1st period - Shot Misses the Net.
14:26 of 1st period - Shot by Patrice Bergeron.
14:26 of 1st period - Shot Hit the Post.
14:28 of 1st period - Shot by Sam Lafferty.
14:28 of 1st period - Stopped by Semyon Varlamov without a rebound.
14:29 of 1st period - Nicklas Backstrom wins face-off versus Casey Cizikas in WASHINGTON zone.
14:52 of 1st period - Off-side.
14:53 of 1st period - Sam Bennett wins face-off versus Patrice Bergeron in neutral zone.
15:08 of 1st period - Shot by Victor Hedman.
15:08 of 1st period - Stopped by Sergei Bobrovsky without a rebound.
15:09 of 1st period - David Kampf wins face-off versus Martin Frk in CAROLINA zone.
15:34 of 1st period - Ryan Graves is hit by Deryk Engelland and loses puck.
15:35 of 1st period - Double Minor Penalty to Deryk Engelland for Roughing.
15:36 of 1st period - Patrice Bergeron wins face-off versus Casey Cizikas in CAROLINA zone.
15:36 of 1st period - Patrice Bergeron is hit by Brayden Schenn.
15:50 of 1st period - Shot by Blake Wheeler.
15:50 of 1st period - Shot Blocked by Shea Weber.
16:06 of 1st period - Shot by Blake Wheeler.
16:06 of 1st period - Stopped by Sergei Bobrovsky without a rebound.
16:07 of 1st period - Jeff Carter wins face-off versus Patrice Bergeron in CAROLINA zone.
16:20 of 1st period - Shot by Ryan Graves.
16:20 of 1st period - Stopped by Sergei Bobrovsky without a rebound.
16:21 of 1st period - Patrice Bergeron wins face-off versus Jeff Carter in CAROLINA zone.
16:21 of 1st period - Patrice Bergeron is hit by Jeff Carter.
16:27 of 1st period - Victor Hedman is hit by Claude Giroux and loses puck.
16:48 of 1st period - Shot by Claude Giroux.
16:48 of 1st period - Deflect By Patrice Bergeron.
16:48 of 1st period - Shot Misses the Net.
17:14 of 1st period - Blake Wheeler is hit by Shea Weber.
17:45 of 1st period - Icing by Ryan Graves.
17:46 of 1st period - Patrice Bergeron wins face-off versus Blake Wheeler in WASHINGTON zone.
18:54 of 1st period - Shot by Brayden Schenn.
18:54 of 1st period - Stopped by Sergei Bobrovsky without a rebound.
18:55 of 1st period - Nicklas Backstrom wins face-off versus Jeff Carter in CAROLINA zone.
18:55 of 1st period - Nicklas Backstrom is hit by Jeff Carter.
19:31 of 1st period - Shot by Nicklas Backstrom.
19:31 of 1st period - Shot Misses the Net.
19:49 of 1st period - Patrice Bergeron is hit by Xavier Ouellet and loses puck.
Goals for this period are 0 for WASHINGTON vs 1 for CAROLINA.
Shots for this period are 8 for WASHINGTON vs 6 for CAROLINA.

2nd period


0:01 of 2nd period - Sam Bennett wins face-off versus Patrice Bergeron in neutral zone.
0:09 of 2nd period - Vladimir Tarasenko is hit by Blake Wheeler and loses puck.
0:21 of 2nd period - Minor Penalty to Blake Wheeler for High sticking.
0:22 of 2nd period - Nicklas Backstrom wins face-off versus Luke Glendening in WASHINGTON zone.
0:23 of 2nd period - Shot by Alexander Radulov.
0:23 of 2nd period - Stopped by Semyon Varlamov without a rebound.
0:24 of 2nd period - Nicklas Backstrom wins face-off versus Luke Glendening in WASHINGTON zone.
0:39 of 2nd period - Shot by Brent Burns.
0:39 of 2nd period - Stopped by Semyon Varlamov without a rebound.
0:40 of 2nd period - Luke Glendening wins face-off versus Patrice Bergeron in WASHINGTON zone.
0:48 of 2nd period - Icing by Vladimir Tarasenko.
0:49 of 2nd period - Patrice Bergeron wins face-off versus Luke Glendening in CAROLINA zone.
0:55 of 2nd period - Minor Penalty to Victor Hedman for Interference.
0:56 of 2nd period - Luke Glendening wins face-off versus Patrice Bergeron in WASHINGTON zone.
0:56 of 2nd period - Luke Glendening is hit by Vladimir Tarasenko.
1:14 of 2nd period - Shea Weber is hit by Luke Glendening and loses puck.
2:10 of 2nd period - Shot by Duncan Keith.
2:10 of 2nd period - Shot Blocked by Ryan Graves.
2:12 of 2nd period - Shot by Duncan Keith.
2:12 of 2nd period - Stopped by Semyon Varlamov with a rebound.
2:14 of 2nd period - Shot by Nicklas Backstrom.
2:14 of 2nd period - Stopped by Semyon Varlamov with a rebound.
2:16 of 2nd period - Shot by Duncan Keith.
2:16 of 2nd period - Shot Misses the Net.
2:18 of 2nd period - Shot by Duncan Keith.
2:18 of 2nd period - Goal by Duncan Keith - WASHINGTON : 0 - CAROLINA : 2.
2:19 of 2nd period - Patrice Bergeron wins face-off versus Luke Glendening in neutral zone.
2:27 of 2nd period - Shot by Brent Burns.
2:27 of 2nd period - Shot Misses the Net.
2:29 of 2nd period - Shot by Shea Weber.
2:29 of 2nd period - Goal by Shea Weber - WASHINGTON : 0 - CAROLINA : 3.
2:30 of 2nd period - Jeff Carter wins face-off versus David Kampf in neutral zone.
2:35 of 2nd period - Shot by Brendan Gallagher.
2:35 of 2nd period - Stopped by Sergei Bobrovsky without a rebound.
2:36 of 2nd period - Sam Bennett wins face-off versus Nicklas Backstrom in CAROLINA zone.
2:47 of 2nd period - Shot by Brayden Schenn.
2:47 of 2nd period - Stopped by Sergei Bobrovsky without a rebound.
2:48 of 2nd period - Patrice Bergeron wins face-off versus Jeff Carter in CAROLINA zone.
2:53 of 2nd period - Jeff Carter is hit by Vladimir Tarasenko and loses puck.
2:59 of 2nd period - Icing by Zach Werenski.
3:00 of 2nd period - Nicklas Backstrom wins face-off versus Jeff Carter in WASHINGTON zone.
3:09 of 2nd period - Shot by Nicklas Backstrom.
3:09 of 2nd period - Stopped by Semyon Varlamov with a rebound.
3:11 of 2nd period - Shot by Alexander Radulov.
3:11 of 2nd period - Stopped by Semyon Varlamov without a rebound.
3:12 of 2nd period - Sam Bennett wins face-off versus Patrice Bergeron in WASHINGTON zone.
3:12 of 2nd period - Sam Bennett is hit by Patrice Bergeron.
3:46 of 2nd period - Shot by Patrice Bergeron.
3:46 of 2nd period - Shot Misses the Net.
4:27 of 2nd period - Shot by Alexander Radulov.
4:27 of 2nd period - Shot Misses the Net.
5:03 of 2nd period - Sebastian Aho is hit by Xavier Ouellet and loses puck.
5:18 of 2nd period - Shot by Adam Henrique.
5:18 of 2nd period - Deflect By David Kampf.
5:18 of 2nd period - Shot Misses the Net.
5:20 of 2nd period - Shot by Matt Martin.
5:20 of 2nd period - Stopped by Semyon Varlamov without a rebound.
5:21 of 2nd period - Luke Glendening wins face-off versus Sam Lafferty in WASHINGTON zone.
5:36 of 2nd period - Shot by Luke Glendening.
5:36 of 2nd period - Stopped by Sergei Bobrovsky without a rebound.
5:37 of 2nd period - Casey Cizikas wins face-off versus Patrice Bergeron in CAROLINA zone.
5:37 of 2nd period - Damon Severson is hit by Shea Weber and loses puck.
5:44 of 2nd period - Shot by Casey Cizikas.
5:44 of 2nd period - Shot Misses the Net.
5:49 of 2nd period - Cal Clutterbuck is hit by Shea Weber.
5:55 of 2nd period - Shot by Cal Clutterbuck.
5:55 of 2nd period - Shot Misses the Net.
7:16 of 2nd period - Icing by Ryan Graves.
7:17 of 2nd period - Sam Bennett wins face-off versus David Kampf in WASHINGTON zone.
7:17 of 2nd period - Sam Bennett is hit by Matt Martin.
7:22 of 2nd period - Off-side.
7:23 of 2nd period - Jeff Carter wins face-off versus David Kampf in neutral zone.
7:30 of 2nd period - Shot by Brendan Gallagher.
7:30 of 2nd period - Shot Misses the Net.
8:28 of 2nd period - Casey Cizikas is hit by Vladimir Tarasenko and loses puck.
8:41 of 2nd period - Shot by Patrice Bergeron.
8:41 of 2nd period - Stopped by Semyon Varlamov without a rebound.
8:42 of 2nd period - Nicklas Backstrom wins face-off versus Luke Glendening in WASHINGTON zone.
9:03 of 2nd period - Shot by Christian Fischer.
9:03 of 2nd period - Shot Misses the Net.
9:08 of 2nd period - Icing by Deryk Engelland.
9:09 of 2nd period - Sam Bennett wins face-off versus Nicklas Backstrom in CAROLINA zone.
9:25 of 2nd period - Icing by Deryk Engelland.
9:26 of 2nd period - Nicklas Backstrom wins face-off versus Jeff Carter in CAROLINA zone.
9:31 of 2nd period - Shot by Dominik Kubalik.
9:31 of 2nd period - Shot Blocked by Victor Hedman.
10:43 of 2nd period - Off-side.
10:44 of 2nd period - Cal Clutterbuck wins face-off versus David Kampf in neutral zone.
10:44 of 2nd period - Casey Cizikas is hit by Matt Martin and loses puck.
11:43 of 2nd period - Icing by Duncan Keith.
11:44 of 2nd period - Blake Wheeler wins face-off versus Nicklas Backstrom in CAROLINA zone.
11:49 of 2nd period - Shot by Blake Wheeler.
11:49 of 2nd period - Goal by Blake Wheeler - WASHINGTON : 1 - CAROLINA : 3.
11:50 of 2nd period - Patrice Bergeron wins face-off versus Sam Bennett in neutral zone.
11:50 of 2nd period - Patrice Bergeron is hit by Blake Wheeler.
12:13 of 2nd period - Shot by Brayden Schenn.
12:13 of 2nd period - Shot Blocked by Shea Weber.
12:15 of 2nd period - Shot by Blake Wheeler.
12:15 of 2nd period - Shot Misses the Net.
13:13 of 2nd period - Shot by Jeff Carter.
13:13 of 2nd period - Goal by Jeff Carter - WASHINGTON : 2 - CAROLINA : 3.
13:14 of 2nd period - Casey Cizikas wins face-off versus Nicklas Backstrom in neutral zone.
13:29 of 2nd period - Icing by Victor Mete.
13:30 of 2nd period - Casey Cizikas wins face-off versus David Kampf in WASHINGTON zone.
13:54 of 2nd period - Adam Henrique is hit by Xavier Ouellet and loses puck.
14:00 of 2nd period - David Kampf is hit by Xavier Ouellet and loses puck.
14:14 of 2nd period - Icing by Victor Mete.
14:15 of 2nd period - Nicklas Backstrom wins face-off versus Casey Cizikas in WASHINGTON zone.
14:20 of 2nd period - Shot by Alexander Radulov.
14:20 of 2nd period - Shot Blocked by Xavier Ouellet.
14:24 of 2nd period - Shot by Alexander Radulov.
14:24 of 2nd period - Shot Misses the Net.
14:34 of 2nd period - Shot by Dominik Kubalik.
14:34 of 2nd period - Stopped by Semyon Varlamov with a rebound.
14:38 of 2nd period - Shot by Nicklas Backstrom.
14:38 of 2nd period - Shot Misses the Net.
14:40 of 2nd period - Shot by Deryk Engelland.
14:40 of 2nd period - Stopped by Semyon Varlamov without a rebound.
14:41 of 2nd period - Sam Bennett wins face-off versus Sam Lafferty in WASHINGTON zone.
14:41 of 2nd period - Blake Wheeler is hit by Sam Lafferty and loses puck.
14:52 of 2nd period - Icing by Shea Weber.
14:53 of 2nd period - Jeff Carter wins face-off versus Sam Lafferty in CAROLINA zone.
15:02 of 2nd period - Shot by Zach Werenski.
15:02 of 2nd period - Stopped by Sergei Bobrovsky with a rebound.
15:14 of 2nd period - Shot by Jeff Carter.
15:14 of 2nd period - Shot Misses the Net.
15:29 of 2nd period - Brendan Gallagher is hit by Shea Weber.
16:08 of 2nd period - Shot by Sam Bennett.
16:08 of 2nd period - Stopped by Sergei Bobrovsky without a rebound.
16:09 of 2nd period - David Kampf wins face-off versus Christian Fischer in CAROLINA zone.
16:14 of 2nd period - Shot by Matt Martin.
16:14 of 2nd period - Deflect By Adam Henrique.
16:14 of 2nd period - Shot Misses the Net.
16:16 of 2nd period - Shot by Matt Benning.
16:16 of 2nd period - Shot Blocked by Xavier Ouellet.
16:18 of 2nd period - Shot by Sebastian Aho.
16:18 of 2nd period - Goal by Sebastian Aho - WASHINGTON : 2 - CAROLINA : 4.
16:19 of 2nd period - Nicklas Backstrom wins face-off versus Casey Cizikas in neutral zone.
16:35 of 2nd period - Off-side.
16:36 of 2nd period - Sam Bennett wins face-off versus David Kampf in neutral zone.
16:39 of 2nd period - David Kampf is hit by Brayden Schenn and loses puck.
16:50 of 2nd period - Zach Werenski is hit by Matt Martin and loses puck.
17:21 of 2nd period - Icing by Ryan Graves.
17:22 of 2nd period - Nicklas Backstrom wins face-off versus Brayden Schenn in WASHINGTON zone.
17:27 of 2nd period - Shot by Nicklas Backstrom.
17:27 of 2nd period - Deflect By Dominik Kubalik.
17:27 of 2nd period - Stopped by Semyon Varlamov with a rebound.
17:29 of 2nd period - Shot by Dominik Kubalik.
17:29 of 2nd period - Goal by Dominik Kubalik - WASHINGTON : 2 - CAROLINA : 5.
17:30 of 2nd period - Patrice Bergeron wins face-off versus Jeff Carter in neutral zone.
17:57 of 2nd period - Shot by Victor Hedman.
17:57 of 2nd period - Shot Misses the Net.
19:41 of 2nd period - Icing by Ryan Graves.
19:42 of 2nd period - Sam Bennett wins face-off versus Joel L'Esperance in WASHINGTON zone.
19:42 of 2nd period - Zach Werenski is hit by Joel L'Esperance and loses puck.
Goals for this period are 2 for WASHINGTON vs 4 for CAROLINA.
Shots for this period are 7 for WASHINGTON vs 15 for CAROLINA.

3rd period


0:01 of 3rd period - Patrice Bergeron wins face-off versus Sam Bennett in neutral zone.
0:01 of 3rd period - Brent Burns is hit by Blake Wheeler and loses puck.
0:10 of 3rd period - Shot by Blake Wheeler.
0:10 of 3rd period - Stopped by Sergei Bobrovsky without a rebound.
0:11 of 3rd period - Jeff Carter wins face-off versus Nicklas Backstrom in CAROLINA zone.
0:21 of 3rd period - Nicklas Backstrom is hit by Brendan Gallagher.
0:32 of 3rd period - Alexander Radulov is hit by Ryan Graves and loses puck.
0:47 of 3rd period - Shot by Nicklas Backstrom.
0:47 of 3rd period - Shot Misses the Net.
1:46 of 3rd period - Off-side.
1:47 of 3rd period - Patrice Bergeron wins face-off versus Casey Cizikas in neutral zone.
2:03 of 3rd period - Off-side.
2:04 of 3rd period - Jeff Carter wins face-off versus David Kampf in neutral zone.
3:31 of 3rd period - Shot by Claude Giroux.
3:31 of 3rd period - Shot Misses the Net.
3:33 of 3rd period - Shot by Shea Weber.
3:33 of 3rd period - Stopped by Semyon Varlamov without a rebound.
3:34 of 3rd period - Sam Lafferty wins face-off versus Sam Bennett in WASHINGTON zone.
3:41 of 3rd period - Shot by Sam Lafferty.
3:41 of 3rd period - Shot Blocked by Victor Mete.
4:12 of 3rd period - Brayden Schenn is hit by Deryk Engelland and loses puck.
4:20 of 3rd period - Icing by Duncan Keith.
4:21 of 3rd period - Jeff Carter wins face-off versus Nicklas Backstrom in CAROLINA zone.
4:33 of 3rd period - Icing by Deryk Engelland.
4:34 of 3rd period - Nicklas Backstrom wins face-off versus Casey Cizikas in CAROLINA zone.
4:41 of 3rd period - Cal Clutterbuck is hit by Alexander Radulov and loses puck.
4:54 of 3rd period - Shot by Damon Severson.
4:54 of 3rd period - Stopped by Sergei Bobrovsky without a rebound.
4:55 of 3rd period - David Kampf wins face-off versus Jeff Carter in CAROLINA zone.
5:22 of 3rd period - Shot by Clayton Keller.
5:22 of 3rd period - Stopped by Sergei Bobrovsky without a rebound.
5:23 of 3rd period - Sam Bennett wins face-off versus Patrice Bergeron in CAROLINA zone.
5:45 of 3rd period - Shot by Patrice Bergeron.
5:45 of 3rd period - Shot Blocked by Victor Hedman.
5:55 of 3rd period - Damon Severson is hit by Shea Weber and loses puck.
7:34 of 3rd period - Adam Henrique is hit by Ryan Graves and loses puck.
8:48 of 3rd period - Icing by Brent Burns.
8:49 of 3rd period - Luke Glendening wins face-off versus Sam Lafferty in CAROLINA zone.
9:02 of 3rd period - Shot by Christian Fischer.
9:02 of 3rd period - Shot Misses the Net.
9:08 of 3rd period - Shot by Luke Glendening.
9:08 of 3rd period - Stopped by Sergei Bobrovsky without a rebound.
9:09 of 3rd period - Nicklas Backstrom wins face-off versus Casey Cizikas in CAROLINA zone.
9:23 of 3rd period - Shot by Dominik Kubalik.
9:23 of 3rd period - Stopped by Semyon Varlamov without a rebound.
9:24 of 3rd period - Adam Henrique wins face-off versus Sam Bennett in WASHINGTON zone.
9:41 of 3rd period - Shot by Blake Wheeler.
9:41 of 3rd period - Shot Misses the Net.
9:43 of 3rd period - Shot by Blake Wheeler.
9:43 of 3rd period - Shot Blocked by Matt Benning.
10:13 of 3rd period - Ryan Graves is hit by Matt Martin and loses puck.
10:59 of 3rd period - Shot by Dominik Kubalik.
10:59 of 3rd period - Stopped by Semyon Varlamov with a rebound.
12:08 of 3rd period - Casey Cizikas is hit by Brent Burns and loses puck.
12:17 of 3rd period - Shot by Victor Mete.
12:17 of 3rd period - Shot Blocked by Adam Henrique.
12:19 of 3rd period - Shot by Cal Clutterbuck.
12:19 of 3rd period - Stopped by Sergei Bobrovsky without a rebound.
12:20 of 3rd period - Brayden Schenn wins face-off versus Nicklas Backstrom in CAROLINA zone.
12:24 of 3rd period - Blake Wheeler is hit by Matt Benning.
12:26 of 3rd period - Shot by Brayden Schenn.
12:26 of 3rd period - Shot Misses the Net.
12:48 of 3rd period - Shot by Alexander Radulov.
12:48 of 3rd period - Deflect By Nicklas Backstrom.
12:48 of 3rd period - Stopped by Semyon Varlamov without a rebound.
12:49 of 3rd period - David Kampf wins face-off versus Luke Glendening in WASHINGTON zone.
13:04 of 3rd period - Shot by Luke Glendening.
13:04 of 3rd period - Deflect By Martin Frk.
13:04 of 3rd period - Stopped by Sergei Bobrovsky without a rebound.
13:05 of 3rd period - Sam Lafferty wins face-off versus Casey Cizikas in CAROLINA zone.
13:14 of 3rd period - Shot by Brent Burns.
13:14 of 3rd period - Stopped by Semyon Varlamov without a rebound.
13:15 of 3rd period - Sam Bennett wins face-off versus Nicklas Backstrom in WASHINGTON zone.
13:17 of 3rd period - Icing by Damon Severson.
13:18 of 3rd period - Patrice Bergeron wins face-off versus Sam Bennett in WASHINGTON zone.
13:25 of 3rd period - Shot by Patrice Bergeron.
13:25 of 3rd period - Shot Misses the Net.
13:52 of 3rd period - Shot by Blake Wheeler.
13:52 of 3rd period - Deflect By Brayden Schenn.
13:52 of 3rd period - Stopped by Sergei Bobrovsky with a rebound.
13:54 of 3rd period - Shot by Damon Severson.
13:54 of 3rd period - Shot Misses the Net.
13:56 of 3rd period - Shot by Damon Severson.
13:56 of 3rd period - Stopped by Sergei Bobrovsky without a rebound.
13:57 of 3rd period - Jeff Carter wins face-off versus Nicklas Backstrom in CAROLINA zone.
15:02 of 3rd period - Shot by Jujhar Khaira.
15:02 of 3rd period - Stopped by Sergei Bobrovsky without a rebound.
15:03 of 3rd period - Sam Bennett wins face-off versus Patrice Bergeron in CAROLINA zone.
15:26 of 3rd period - Shot by Damon Severson.
15:26 of 3rd period - Shot Blocked by Shea Weber.
16:10 of 3rd period - Shot by Adam Henrique.
16:10 of 3rd period - Stopped by Semyon Varlamov with a rebound.
16:12 of 3rd period - Shot by Matt Benning.
16:12 of 3rd period - Goal by Matt Benning - WASHINGTON : 2 - CAROLINA : 6.
16:13 of 3rd period - Sam Lafferty wins face-off versus Jeff Carter in neutral zone.
16:13 of 3rd period - Brent Burns is hit by Brendan Gallagher and loses puck.
16:30 of 3rd period - Shot by Patrice Bergeron.
16:30 of 3rd period - Shot Misses the Net.
16:38 of 3rd period - Shot by Clayton Keller.
16:38 of 3rd period - Shot Misses the Net.
16:40 of 3rd period - Shot by Ryan Graves.
16:40 of 3rd period - Shot Misses the Net.
17:06 of 3rd period - Shot by Casey Cizikas.
17:06 of 3rd period - Shot Misses the Net.
17:08 of 3rd period - Shot by Cal Clutterbuck.
17:08 of 3rd period - Stopped by Sergei Bobrovsky without a rebound.
17:09 of 3rd period - Alexander Radulov wins face-off versus Luke Glendening in CAROLINA zone.
17:18 of 3rd period - Shot by Alexander Radulov.
17:18 of 3rd period - Stopped by Semyon Varlamov with a rebound.
17:20 of 3rd period - Shot by Dominik Kubalik.
17:20 of 3rd period - Stopped by Semyon Varlamov without a rebound.
17:21 of 3rd period - Casey Cizikas wins face-off versus David Kampf in WASHINGTON zone.
17:33 of 3rd period - Shot by Sebastian Aho.
17:33 of 3rd period - Stopped by Semyon Varlamov without a rebound.
17:34 of 3rd period - Nicklas Backstrom wins face-off versus Sam Bennett in WASHINGTON zone.
17:58 of 3rd period - Dominik Kubalik is hit by Xavier Ouellet and loses puck.
18:11 of 3rd period - Shot by Dominik Kubalik.
18:11 of 3rd period - Shot Misses the Net.
18:13 of 3rd period - Shot by Dominik Kubalik.
18:13 of 3rd period - Deflect By Alexander Radulov.
18:13 of 3rd period - Stopped by Semyon Varlamov with a rebound.
18:15 of 3rd period - Shot by Deryk Engelland.
18:15 of 3rd period - Shot Blocked by Xavier Ouellet.
18:22 of 3rd period - Icing by Xavier Ouellet.
18:23 of 3rd period - David Kampf wins face-off versus Sam Bennett in WASHINGTON zone.
18:24 of 3rd period - Shot by Brent Burns.
18:24 of 3rd period - Shot Blocked by Victor Mete.
18:26 of 3rd period - Shot by David Kampf.
18:26 of 3rd period - Shot Misses the Net.
18:28 of 3rd period - Shot by Adam Henrique.
18:28 of 3rd period - Shot Misses the Net.
18:30 of 3rd period - Shot by Shea Weber.
18:30 of 3rd period - Shot Blocked by Victor Mete.
18:32 of 3rd period - Shot by Matt Martin.
18:32 of 3rd period - Stopped by Semyon Varlamov without a rebound.
18:33 of 3rd period - Clayton Keller wins face-off versus Vladimir Tarasenko in WASHINGTON zone.
19:11 of 3rd period - Shot by Claude Giroux.
19:11 of 3rd period - Stopped by Semyon Varlamov without a rebound.
19:12 of 3rd period - Casey Cizikas wins face-off versus David Kampf in WASHINGTON zone.
19:46 of 3rd period - Shot by Casey Cizikas.
19:46 of 3rd period - Shot Misses the Net.
Goals for this period are 0 for WASHINGTON vs 1 for CAROLINA.
Shots for this period are 10 for WASHINGTON vs 13 for CAROLINA.